 Dungeon Crawl Stone Soup version 0.18-a0-1692-g516f9e9 (webtiles) character file.

35 dohliylev the Sneak (level 3, -3/24 HPs)
             Began as a Vampire Enchanter on Apr 5, 2016.
             Slain by a worm (9 damage)
             ... on level 2 of the Dungeon.
             The game lasted 00:03:13 (1026 turns).

dohliylev the Sneak (Vampire Enchanter)             Turns: 1026, Time: 00:03:14

Health: -3/24      AC:  3    Str:  7    XL:     3   Next: 17%
Magic:  6/6        EV: 13    Int: 17    God:
Gold:   99         SH:  0    Dex: 15    Spells: 2 memorised, 3 levels left

rFire  . . .     SeeInvis +     a - +1 dagger (venom)
rCold  . . .     Gourm    .     b - +1 robe
rNeg   + . .     Faith    .     (no shield)
rPois  .         Spirit   .     (no helmet)
rElec  .         Dismiss  .     (no cloak)
rCorr  .         Reflect  .     (no gloves)
SustAt .         Harm     .     (no boots)
MR     .....                    (no amulet)
Stlth  +++.......               (no ring)
                                (no ring)

@: not resistant to hostile enchantments, fairly stealthy
A: fangs 3, see invisible, unbreathing
a: Bat Form


You were on level 2 of the Dungeon.
You were not thirsty.

You visited 1 branch of the dungeon, and saw 2 of its levels.

You collected 99 gold pieces.

Inventory:

Hand Weapons
 a - a +1 dagger of venom (weapon)
Armour
 b - a +1 robe (worn)
 l - a +0 robe of magic resistance
Jewellery
 g - an uncursed amulet of regeneration {unknown}
 h - a cursed -3 ring of slaying {unknown}
 i - a +3 ring of dexterity {unknown}
 j - an uncursed ring of resist corrosion {unknown}
Scrolls
 e - a scroll of remove curse {unknown}
 f - a scroll of teleportation {unknown}
 k - a scroll of identify {unknown}
Potions
 d - 13 potions of blood
Books
 c - a book of Maledictions

   Spells                             Type                      Level
   a - Corona                         Hexes                        1
   b - Ensorcelled Hibernation        Hexes/Ice                    2
   c - Confuse                        Hexes                        3
   d - Tukima's Dance                 Hexes                        3
   e - Dazzling Spray                 Conjuration/Hexes            3


   Skills:
 + Level 1.2 Short Blades
 + Level 2.6 Dodging
 * Level 5.4 Stealth
 + Level 2.1 Spellcasting
 + Level 4.8 Hexes


You had 3 spell levels left.
You knew the following spells:

 Your Spells              Type           Power        Failure   Level  Hunger
a - Corona                Hex            ###....      2%          1    #......
b - Ensorcelled Hibernat  Hex/Ice        ##....       14%         2    ###....


Dungeon Overview and Level Annotations

Branches:
Dungeon (2/15)

Altars:


Innate Abilities, Weirdness & Mutations

You have razor-sharp teeth.
You have supernaturally acute eyesight.
You can survive without breathing.


Message History

There is an open door here.
There is an open door here.
A giant cockroach comes into view.
Found an embroidered robe.
You see here a leather armour.
The helpless giant cockroach fails to defend itself.
You impale the giant cockroach!!
You kill the giant cockroach!
You see here an embroidered robe.
l - an embroidered robe
Found a whip.
A worm comes into view.
The worm bites you!
* * * LOW HITPOINT WARNING * * *
You hit the worm.
The worm is lightly wounded.
You hit the worm but do no damage.
The worm is poisoned.
The worm is lightly wounded.
The worm bites you!
You die...

<....# #.# #...##........ #...##
#.# ..##........ #...# #.#
#####..##........ #...###### #)#
#......##...)...( #........# #.#
#......###.####.. '....###.# #.#
#......###.# ### #....# #.###.#
#.......##.###### #....#
#.....####w............... #....#
#........@.......##.######
##.#####.###########.....#......#
#.[.......# #.....#..###.#
####......# ##....#..# #.#
#......# ######....#..###..
######## #.................
####.#...#..######
#.#####.>...... #.##########.##


You could see a worm.

Vanquished Creatures
  An ooze (D:2)
  A giant gecko (D:2)
  2 giant cockroaches
  4 hobgoblins
  4 jackals (D:1)
  A quokka (D:2)
  A ball python (D:1)
  3 bats
  A giant newt (D:1)
  4 goblins
  4 kobolds
  3 butterflies (D:1)
29 creatures vanquished.

Notes
Turn   | Place    | Note
--------------------------------------------------------------
     0 | D:1      | dohliylev the Vampire Enchanter began the quest for the Orb.
     0 | D:1      | Reached XP level 1. HP: 13/13 MP: 3/3
   367 | D:1      | Reached XP level 2. HP: 19/19 MP: 5/5
   722 | D:1      | You fall through a shaft!
   739 | D:2      | Learned a level 2 spell: Ensorcelled Hibernation
   747 | D:2      | Reached skill level 5 in Stealth
   956 | D:2      | Reached XP level 3. HP: 17/24 MP: 6/6
  1026 | D:2      | Slain by a worm

Vault maps used:
D:1:      erik_arrival_cave_to_civilisation, hangedman_glass_garden,
          minmay_misc_feat_columns
D:2:      bloody_trog, lemuel_zombie_altar_yredelemnul

Skill      XL: |  1  2 |
---------------+-------+-----
Stealth        | 5 |  5.4
Short Blades   | |  1.2
Dodging        | |  2.6
Spellcasting   | |  2.1
Hexes          | |  4.8

Action                   || total
-------------------------++-------
Melee: Dagger            ||    89
 Stab: Sleeping          ||     7
